PA
ATHLETIC CLUB KC U-21 @ HOGSMEADE CAULDRONS
07/19/2026
 
TOP OF THE 1ST
Athletic Club KC U-21 batting - Pitching for Hogsmeade Cauldrons : RHP Fred Gunther
Pitching: RHP Fred Gunther
Batting: RHB Khal Drogo 0-0: Foul Ball, location: 2F
0-1: Called Strike
0-2: Ball
1-2: Strikes out swinging
Batting: RHB Dani Reyes 0-0: Called Strike
0-1: Ball
1-1: Swinging Strike
1-2: Ball
2-2: Foul Ball, location: 2F
2-2: Strikes out looking
Batting: RHB Richard Younger 0-0: Ball
1-0: Ball
2-0: Fly out, F8 (Line Drive, 78M)
Top of the 1st over - 0 run(s), 0 hit(s), 0 error(s), 0 left on base; Athletic Club KC 0 - Hogsmeade 0
BOTTOM OF THE 1ST
Hogsmeade Cauldrons batting - Pitching for Athletic Club KC U-21 : RHP Sook Sung-Man
Pitching: RHP Sook Sung-Man
Batting: RHB Cody Skillings 0-0: Ball
1-0: Called Strike
1-1: Called Strike
1-2: Ball
2-2: Ball
3-2: Strikes out swinging
Batting: LHB Estefan Carrasco 0-0: Ball
1-0: Called Strike
1-1: Ground out 5-3 (Groundball, 56)
Batting: LHB Austin Hathaway 0-0: Called Strike
0-1: Ball
1-1: Ball
2-1: Foul Ball, location: 2F
2-2: Ground out U3 (Groundball, 34)
Bottom of the 1st over - 0 run(s), 0 hit(s), 0 error(s), 0 left on base; Athletic Club KC 0 - Hogsmeade 0
TOP OF THE 2ND
Athletic Club KC U-21 batting - Pitching for Hogsmeade Cauldrons : RHP Fred Gunther
Batting: RHB Jesús Vargas 0-0: Called Strike
0-1: Ball
1-1: Swinging Strike
1-2: Ground out 4-3 (Groundball, 4)
Batting: RHB Andrés Medina 0-0: Called Strike
0-1: Fly out, F6 (Popup, 6)
Batting: LHB Héctor Barrios 0-0: Swinging Strike
0-1: Swinging Strike
0-2: Ball
1-2: Foul Ball, location: 2F
1-2: Ball
2-2: Ball
3-2: Strikes out looking
Top of the 2nd over - 0 run(s), 0 hit(s), 0 error(s), 0 left on base; Athletic Club KC 0 - Hogsmeade 0
BOTTOM OF THE 2ND
Hogsmeade Cauldrons batting - Pitching for Athletic Club KC U-21 : RHP Sook Sung-Man
Batting: RHB Mitchell Westerbos 0-0: Ball
1-0: Ball
2-0: Foul Ball, location: 2F
2-1: Fly out, F7 (Flyball, 78S)
Batting: RHB Jorge Gómez 0-0: Swinging Strike
0-1: Ball
1-1: Called Strike
1-2: Strikes out looking
Batting: SHB Larry O'Morgan 0-0: Ball
1-0: Swinging Strike
1-1: Ball
2-1: SINGLE (Flyball, 8RS)
Batting: LHB Rodrigo Gómez 0-0: Ball
1-0: Called Strike
1-1: Ball
2-1: Ball
3-1: Foul Ball, location: 2F
3-2: Base on Balls
Larry O'Morgan to second
Batting: RHB Manny García 0-0: Ball
1-0: Foul Ball, location: 2F
1-1: Ball
2-1: Swinging Strike
2-2: Strikes out swinging
Bottom of the 2nd over - 0 run(s), 1 hit(s), 0 error(s), 2 left on base; Athletic Club KC 0 - Hogsmeade 0
TOP OF THE 3RD
Athletic Club KC U-21 batting - Pitching for Hogsmeade Cauldrons : RHP Fred Gunther
Batting: RHB Chee-hwa Tze 0-0: Foul Ball, location: 2F
0-1: Ball
1-1: Called Strike
1-2: Ball
2-2: Ball
3-2: Foul Ball, location: 2F
3-2: Foul Ball, location: 2F
3-2: Foul Ball, location: 2F
3-2: Strikes out swinging
Batting: SHB Gerald Merendino 0-0: Called Strike
0-1: Foul Ball, location: 2F
0-2: Strikes out looking
Batting: RHB Fernando Rodríguez 0-0: Called Strike
0-1: Ground out 6-3 (Groundball, 6)
Top of the 3rd over - 0 run(s), 0 hit(s), 0 error(s), 0 left on base; Athletic Club KC 0 - Hogsmeade 0
BOTTOM OF THE 3RD
Hogsmeade Cauldrons batting - Pitching for Athletic Club KC U-21 : RHP Sook Sung-Man
Batting: RHB Paul O'Neill 0-0: Ball
1-0: Fly out, F9 (Flyball, 89M)
Batting: RHB Cody Skillings 0-0: Ball
1-0: Swinging Strike
1-1: Foul Ball, location: 2F
1-2: Foul Ball, location: 2F
1-2: Ground out 6-3 (Groundball, 56)
Batting: LHB Estefan Carrasco 0-0: Foul Ball, location: 2F
0-1: Called Strike
0-2: Ball
1-2: Ball
2-2: Reached on error, E4 (Groundball, 4D)
Batting: LHB Austin Hathaway 0-0: Called Strike
0-1: Ball
1-1: Ball
2-1: Ball
3-1: Base on Balls
Batting: RHB Mitchell Westerbos 0-0: Ball
1-0: Ball
2-0: Foul Ball, location: 2F
2-1: Foul Ball, location: 2F
2-2: Ball
3-2: Strikes out swinging
Bottom of the 3rd over - 0 run(s), 0 hit(s), 1 error(s), 2 left on base; Athletic Club KC 0 - Hogsmeade 0
TOP OF THE 4TH
Athletic Club KC U-21 batting - Pitching for Hogsmeade Cauldrons : RHP Fred Gunther
Batting: RHB Khal Drogo 0-0: Ball
1-0: Ball
2-0: SINGLE (Line Drive, 78S)
Batting: RHB Dani Reyes 0-0: Called Strike
0-1: Ball
1-1: Ball
2-1: Foul Ball, location: 2F
2-2: Foul Ball, location: 2F
2-2: Ball
3-2: Foul Ball, location: 2F
3-2: DOUBLE (Line Drive, 89M)
Khal Drogo to third
Khal Drogo scores
Batting: RHB Richard Younger 0-0: Called Strike
Dani Reyes steals 3rd base
0-1: Swinging Strike
0-2: Ball
1-2: Ball
2-2: Foul Ball, location: 2F
2-2: Strikes out swinging
Batting: RHB Jesús Vargas 0-0: Called Strike
0-1: Foul Ball, location: 2F
0-2: Strikes out swinging
Batting: RHB Andrés Medina 0-0: Swinging Strike
0-1: Fly out, F5 (Line Drive, 56S)
Top of the 4th over - 1 run(s), 2 hit(s), 0 error(s), 1 left on base; Athletic Club KC 1 - Hogsmeade 0
BOTTOM OF THE 4TH
Hogsmeade Cauldrons batting - Pitching for Athletic Club KC U-21 : RHP Sook Sung-Man
Batting: RHB Jorge Gómez 0-0: Ball
1-0: Called Strike
1-1: Ground out 4-3 (Groundball, 34D)
Batting: SHB Larry O'Morgan 0-0: Ball
1-0: Swinging Strike
1-1: Ball
2-1: Swinging Strike
2-2: Ground out 6-3 (Groundball, 6)
Batting: LHB Rodrigo Gómez 0-0: Swinging Strike
0-1: Ball
1-1: Ball
2-1: Foul Ball, location: 2F
2-2: Ball
3-2: Base on Balls
Batting: RHB Manny García 0-0: Ball
1-0: Fly out, F9 (Flyball, 9)
Bottom of the 4th over - 0 run(s), 0 hit(s), 0 error(s), 1 left on base; Athletic Club KC 1 - Hogsmeade 0
TOP OF THE 5TH
Athletic Club KC U-21 batting - Pitching for Hogsmeade Cauldrons : RHP Fred Gunther
Batting: LHB Héctor Barrios 0-0: Bunt for hit - play at first, batter OUT! 1-3
Batting: RHB Chee-hwa Tze 0-0: Ball
1-0: DOUBLE (Line Drive, 78D)
Batting: SHB Gerald Merendino 0-0: Ball
1-0: Foul Ball, location: 2F
1-1: Ball
2-1: Ground out 1-3 (Groundball, 13S)
Chee-hwa Tze to third
Batting: RHB Fernando Rodríguez 0-0: Called Strike
0-1: Ball
1-1: SINGLE (Line Drive, 6D)
Chee-hwa Tze scores
Batting: RHB Khal Drogo 0-0: Ball
1-0: Called Strike
1-1: Foul Ball, location: 2F
1-2: Ball
2-2: Ball
3-2: Strikes out swinging
Top of the 5th over - 1 run(s), 2 hit(s), 0 error(s), 1 left on base; Athletic Club KC 2 - Hogsmeade 0
BOTTOM OF THE 5TH
Hogsmeade Cauldrons batting - Pitching for Athletic Club KC U-21 : RHP Sook Sung-Man
Batting: RHB Paul O'Neill 0-0: Foul Ball, location: 2F
0-1: Foul Ball, location: 2F
0-2: Ball
1-2: Fly out, F2 (Popup, 25)
Batting: RHB Cody Skillings 0-0: Called Strike
0-1: Ball
1-1: Ball
2-1: Ball
3-1: Fly out, F8 (Flyball, 8LM)
Batting: LHB Estefan Carrasco 0-0: Ball
1-0: Called Strike
1-1: Called Strike
1-2: Foul Ball, location: 2F
1-2: Foul Ball, location: 2F
1-2: Ball
2-2: Foul Ball, location: 2F
2-2: Foul Ball, location: 2F
2-2: Foul Ball, location: 2F
2-2: Ball
3-2: SINGLE (Line Drive, 6)
Pitching: RHP Ernesto Lucero
Batting: LHB Austin Hathaway 0-0: Ball
1-0: Called Strike
1-1: Called Strike
Estefan Carrasco steals 2nd base
1-2: Strikes out swinging
Bottom of the 5th over - 0 run(s), 1 hit(s), 0 error(s), 1 left on base; Athletic Club KC 2 - Hogsmeade 0
TOP OF THE 6TH
Athletic Club KC U-21 batting - Pitching for Hogsmeade Cauldrons : RHP Fred Gunther
Batting: RHB Dani Reyes 0-0: Ball
1-0: Foul Ball, location: 2F
1-1: Foul Ball, location: 2F
1-2: Fly out, F8 (Flyball, 89D)
Batting: RHB Richard Younger 0-0: Swinging Strike
0-1: Ball
1-1: Swinging Strike
1-2: Strikes out swinging
Batting: RHB Jesús Vargas 0-0: Ball
1-0: Ball
2-0: Foul Ball, location: 2F
2-1: Fly out, F4 (Popup, 34)
Top of the 6th over - 0 run(s), 0 hit(s), 0 error(s), 0 left on base; Athletic Club KC 2 - Hogsmeade 0
BOTTOM OF THE 6TH
Hogsmeade Cauldrons batting - Pitching for Athletic Club KC U-21 : RHP Ernesto Lucero
Batting: RHB Mitchell Westerbos 0-0: Called Strike
0-1: Ball
1-1: Called Strike
1-2: Foul Ball, location: 2F
1-2: Strikes out looking
Batting: RHB Jorge Gómez 0-0: Called Strike
0-1: Foul Ball, location: 2F
0-2: Strikes out looking
Batting: SHB Larry O'Morgan 0-0: Foul Ball, location: 2F
0-1: Ball
1-1: Foul Ball, location: 2F
1-2: Ball
2-2: Strikes out swinging, 2-3 out at first.
Bottom of the 6th over - 0 run(s), 0 hit(s), 0 error(s), 0 left on base; Athletic Club KC 2 - Hogsmeade 0
TOP OF THE 7TH
Athletic Club KC U-21 batting - Pitching for Hogsmeade Cauldrons : RHP Fred Gunther
Pitching: RHP Kevin McCrary
Batting: RHB Andrés Medina 0-0: Ball
1-0: Fly out, F9 (Flyball, 9LS)
Batting: LHB Héctor Barrios 0-0: Called Strike
0-1: Swinging Strike
0-2: Foul Ball, location: 2F
0-2: Strikes out swinging
Batting: RHB Chee-hwa Tze 0-0: Ball
1-0: Ball
2-0: Called Strike
2-1: SINGLE (Flyball, 89S)
Batting: SHB Gerald Merendino 0-0: Ball
1-0: Foul Ball, location: 2F
1-1: Ball
2-1: Foul Ball, location: 2F
2-2: SINGLE (Groundball, 3D)
Chee-hwa Tze to second
Runner from 2nd tries for 3rd, OUT!
Top of the 7th over - 0 run(s), 2 hit(s), 0 error(s), 1 left on base; Athletic Club KC 2 - Hogsmeade 0
BOTTOM OF THE 7TH
Hogsmeade Cauldrons batting - Pitching for Athletic Club KC U-21 : RHP Ernesto Lucero
Batting: LHB Rodrigo Gómez 0-0: Ball
1-0: Called Strike
1-1: Called Strike
1-2: Ball
2-2: Foul Ball, location: 2F
2-2: Strikes out swinging
Batting: RHB Manny García 0-0: Called Strike
0-1: Foul Ball, location: 2F
0-2: Strikes out swinging
Batting: RHB Paul O'Neill 0-0: Called Strike
0-1: Ball
1-1: Ball
2-1: Fly out, F5 (Popup, 56S)
Bottom of the 7th over - 0 run(s), 0 hit(s), 0 error(s), 0 left on base; Athletic Club KC 2 - Hogsmeade 0
TOP OF THE 8TH
Athletic Club KC U-21 batting - Pitching for Hogsmeade Cauldrons : RHP Kevin McCrary
Batting: RHB Fernando Rodríguez 0-0: Fly out, F4 (Line Drive, 4)
Batting: RHB Khal Drogo 0-0: Ball
1-0: Fly out, F7 (Flyball, 7S)
Batting: RHB Dani Reyes 0-0: Called Strike
0-1: Foul Ball, location: 2F
0-2: Foul Ball, location: 2F
0-2: Strikes out swinging
Top of the 8th over - 0 run(s), 0 hit(s), 0 error(s), 0 left on base; Athletic Club KC 2 - Hogsmeade 0
BOTTOM OF THE 8TH
Hogsmeade Cauldrons batting - Pitching for Athletic Club KC U-21 : RHP Ernesto Lucero
Batting: RHB Cody Skillings 0-0: Called Strike
0-1: Ground out 4-3 (Groundball, 6MS)
Batting: LHB Estefan Carrasco 0-0: Swinging Strike
0-1: Swinging Strike
0-2: Foul Ball, location: 2F
0-2: SINGLE (Flyball, 8LS)
Pitching: RHP Rafael Valadez
Batting: LHB Austin Hathaway 0-0: Ball
1-0: Ball
Wild Pitch!
Estefan Carrasco to second
2-0: Ball
3-0: Base on Balls
Batting: RHB Mitchell Westerbos 0-0: Ball
1-0: Ball
2-0: Ball
3-0: Base on Balls
Estefan Carrasco to third
Austin Hathaway to second
Pitching: RHP Andrés Martínez
Pinch Hitting: RHB Jim Unknown 0-0: Swinging Strike
0-1: Ball
1-1: Ball
2-1: Called Strike
2-2: Foul Ball, location: 2F
2-2: Ball
3-2: Base on Balls
Estefan Carrasco scores
Austin Hathaway to third
Mitchell Westerbos to second
Pitching: RHP Joe Walton
Batting: SHB Larry O'Morgan 0-0: Called Strike
0-1: Foul Ball, location: 2F
0-2: Foul Ball, location: 2F
0-2: Foul Ball, location: 2F
0-2: Ball
1-2: Grounds into fielders choice 6-2 (Groundball, 6)
Mitchell Westerbos to third
Jim Unknown to second
Pinch Hitting: LHB Tyler Knopp 0-0: Ball
1-0: Ball
2-0: Ball
3-0: Base on Balls
Mitchell Westerbos scores
Jim Unknown to third
Larry O'Morgan to second
Batting: RHB Manny García 0-0: Called Strike
0-1: Foul Ball, location: 2F
0-2: Strikes out swinging
Bottom of the 8th over - 2 run(s), 1 hit(s), 0 error(s), 3 left on base; Athletic Club KC 2 - Hogsmeade 2
TOP OF THE 9TH
Athletic Club KC U-21 batting - Pitching for Hogsmeade Cauldrons : RHP Kevin McCrary
Pitching: LHP Bradley Roth
Now at 2B: Jim Unknown
Now at 3B: Tyler Knopp
Batting: RHB Richard Younger 0-0: Foul Ball, location: 2F
0-1: Ball
1-1: Ball
2-1: Ball
3-1: Called Strike
3-2: Foul Ball, location: 2F
3-2: Base on Balls
Batting: RHB Jesús Vargas 0-0: Ball
1-0: Ball
2-0: Called Strike
2-1: Fielders Choice at 2nd, 6-4 (Groundball, 6)
Batting: RHB Andrés Medina 0-0: Ball
1-0: Ball
Jesús Vargas steals 2nd base
2-0: Intentional Walk
Pinch Hitting: LHB Tsai Ng 0-0: Foul Ball, location: 2F
0-1: Called Strike
0-2: Strikes out swinging
Pinch Hitting: RHB Filip Huigen 0-0: Called Strike
0-1: Ball
1-1: Foul Ball, location: 2F
1-2: Ball
2-2: Fielders Choice at 2nd, 6-4 (Groundball, 6)
Top of the 9th over - 0 run(s), 0 hit(s), 0 error(s), 1 left on base; Athletic Club KC 2 - Hogsmeade 2
BOTTOM OF THE 9TH
Hogsmeade Cauldrons batting - Pitching for Athletic Club KC U-21 : RHP Joe Walton
Now at C: Miguel Rodríguez
Now at 2B: Mauro Valverde
Pinch Hitting: RHB Jason Ward 0-0: Swinging Strike
0-1: Ball
1-1: Ball
2-1: Ground out 5-3 (Groundball, 56)
Batting: RHB Cody Skillings 0-0: Ball
1-0: Foul Ball, location: 2F
1-1: Swinging Strike
1-2: Strikes out swinging
Batting: LHB Estefan Carrasco 0-0: Called Strike
0-1: Ball
1-1: Fly out, F8 (Flyball, 8LD)
Bottom of the 9th over - 0 run(s), 0 hit(s), 0 error(s), 0 left on base; Athletic Club KC 2 - Hogsmeade 2
TOP OF THE 10TH
Athletic Club KC U-21 batting - Pitching for Hogsmeade Cauldrons : LHP Bradley Roth
Now at SS: Jason Ward
Batting: SHB Gerald Merendino 0-0: Foul Ball, location: 2F
0-1: Swinging Strike
0-2: Ball
1-2: Strikes out swinging
Batting: RHB Fernando Rodríguez 0-0: Fly out, F8 (Flyball, 8LM)
Batting: RHB Khal Drogo 0-0: Ground out 6-3 (Groundball, 6)
Top of the 10th over - 0 run(s), 0 hit(s), 0 error(s), 0 left on base; Athletic Club KC 2 - Hogsmeade 2
BOTTOM OF THE 10TH
Hogsmeade Cauldrons batting - Pitching for Athletic Club KC U-21 : RHP Joe Walton
Batting: LHB Austin Hathaway 0-0: Ball
1-0: Ball
2-0: Called Strike
2-1: Ball
3-1: Foul Ball, location: 2F
3-2: Strikes out swinging
Batting: RHB Mitchell Westerbos 0-0: Ball
1-0: Ball
2-0: Called Strike
2-1: Foul Ball, location: 2F
2-2: Strikes out swinging
Batting: RHB Jim Unknown 0-0: Called Strike
0-1: SINGLE (Groundball, 34D)
Pinch Hitting: RHB Jim Unknown 0-0: Ball
1-0: Called Strike
1-1: Foul Ball, location: 2F
1-2: Ball
2-2: Foul Ball, location: 2F
2-2: Foul Ball, location: 2F
2-2: SINGLE (Line Drive, 34D)
Jim Unknown to second
Batting: LHB Tyler Knopp 0-0: Called Strike
0-1: Ball
1-1: Ball
2-1: Fielders Choice at 2nd, 4-6 (Groundball, 4)
Bottom of the 10th over - 0 run(s), 2 hit(s), 0 error(s), 1 left on base; Athletic Club KC 2 - Hogsmeade 2
TOP OF THE 11TH
Athletic Club KC U-21 batting - Pitching for Hogsmeade Cauldrons : LHP Bradley Roth
Now at C: Jim Unknown
Batting: RHB Dani Reyes 0-0: Foul Ball, location: 2F
0-1: Ball
1-1: Ball
2-1: Foul Ball, location: 2F
2-2: Ball
3-2: Base on Balls
Batting: RHB Richard Younger 0-0: Ball
1-0: Foul Ball, location: 2F
1-1: Foul Ball, location: 2F
1-2: Foul Ball, location: 2F
1-2: Foul Ball, location: 2F
1-2: Foul Ball, location: 2F
1-2: Strikes out swinging
Batting: RHB Jesús Vargas 0-0: Called Strike
0-1: Ball
1-1: Swinging Strike
1-2: Ball
2-2: Foul Ball, location: 2F
2-2: Foul Ball, location: 2F
2-2: Foul Ball, location: 2F
2-2: Grounds into double play, 6-4-3 (Groundball, 6)
Top of the 11th over - 0 run(s), 0 hit(s), 0 error(s), 0 left on base; Athletic Club KC 2 - Hogsmeade 2
BOTTOM OF THE 11TH
Hogsmeade Cauldrons batting - Pitching for Athletic Club KC U-21 : RHP Joe Walton
Batting: RHB Manny García 0-0: Ball
1-0: Foul Ball, location: 2F
1-1: Ball
2-1: Ball
3-1: Foul Ball, location: 2F
3-2: Foul Ball, location: 2F
3-2: Foul Ball, location: 2F
3-2: Strikes out swinging
Batting: RHB Jason Ward 0-0: DOUBLE (Line Drive, 78D) - OUT at third base trying to stretch hit.
Batting: RHB Cody Skillings 0-0: SINGLE (Flyball, 9LS)
Batting: LHB Estefan Carrasco 0-0: Ball
1-0: Ball
2-0: Ball
3-0: Base on Balls
Cody Skillings to second
Batting: LHB Austin Hathaway 0-0: SINGLE (Line Drive, 78S)
Cody Skillings to third
Estefan Carrasco to second
Batting: RHB Mitchell Westerbos 0-0: Fielders Choice at 2nd, 6-4 (Groundball, 56)
Bottom of the 11th over - 0 run(s), 3 hit(s), 0 error(s), 2 left on base; Athletic Club KC 2 - Hogsmeade 2
TOP OF THE 12TH
Athletic Club KC U-21 batting - Pitching for Hogsmeade Cauldrons : LHP Bradley Roth
Batting: RHB Andrés Medina 0-0: Swinging Strike
0-1: Ball
1-1: Foul Ball, location: 2F
1-2: Strikes out swinging
Batting: RHB Miguel Rodríguez 0-0: Swinging Strike
0-1: Ball
1-1: Foul Ball, location: 2F
1-2: Strikes out looking
Pinch Hitting: RHB Roberto Romero 0-0: Fly out, F9 (Flyball, 89XD)
Top of the 12th over - 0 run(s), 0 hit(s), 0 error(s), 0 left on base; Athletic Club KC 2 - Hogsmeade 2
BOTTOM OF THE 12TH
Hogsmeade Cauldrons batting - Pitching for Athletic Club KC U-21 : RHP Joe Walton
Now at 2B: Roberto Romero
Batting: RHB Jim Unknown 0-0: Swinging Strike
0-1: Called Strike
0-2: Foul Ball, location: 2F
0-2: SINGLE (Groundball, 56D)
Batting: RHB Jim Unknown 0-0: Bunt missed!
0-1: Ball
1-1: Sac Bunt - play at first, batter OUT! 3-4
Jim Unknown to second
Batting: LHB Tyler Knopp 0-0: Intentional Walk
Batting: RHB Manny García 0-0: Ball
1-0: Foul Ball, location: 2F
1-1: Swinging Strike
1-2: Strikes out swinging
Batting: RHB Jason Ward 0-0: Ball
1-0: Ball
2-0: Called Strike
2-1: Swinging Strike
2-2: Ball
3-2: Ground out 6-3 (Groundball, 6)
Bottom of the 12th over - 0 run(s), 1 hit(s), 0 error(s), 2 left on base; Athletic Club KC 2 - Hogsmeade 2
TOP OF THE 13TH
Athletic Club KC U-21 batting - Pitching for Hogsmeade Cauldrons : LHP Bradley Roth
Batting: SHB Gerald Merendino 0-0: Ball
1-0: Ground out 4-3 (Groundball, 4S)
Batting: RHB Fernando Rodríguez 0-0: Ball
1-0: Called Strike
1-1: Ball
2-1: Fly out, F7 (Flyball, 78S)
Batting: RHB Khal Drogo 0-0: Ground out 5-3 (Groundball, 56)
Top of the 13th over - 0 run(s), 0 hit(s), 0 error(s), 0 left on base; Athletic Club KC 2 - Hogsmeade 2
BOTTOM OF THE 13TH
Hogsmeade Cauldrons batting - Pitching for Athletic Club KC U-21 : RHP Joe Walton
Batting: RHB Cody Skillings 0-0: Ball
1-0: Called Strike
1-1: Foul Ball, location: 2F
1-2: Ball
2-2: Strikes out looking
Batting: LHB Estefan Carrasco 0-0: Called Strike
0-1: Ball
1-1: Foul Ball, location: 2F
1-2: Ball
2-2: Fly out, F9 (Flyball, 89S)
Batting: LHB Austin Hathaway 0-0: Foul Ball, location: 2F
0-1: Ball
1-1: Foul Ball, location: 2F
1-2: Ball
2-2: Foul Ball, location: 2F
2-2: SOLO HOME RUN (Flyball, 89XD), Distance : 440 ft
Monday, March 20th, 2017 - OOTP Baseball 17.12 Build 75